 Dungeon Crawl Stone Soup version 0.24.0-13-gcf9b319 (webtiles) character file.

Game seed: 3628586756497879931, levelgen mode: deterministic

112 Fang the Skirmisher (level 4, 0/43 HPs)
             Began as a Gargoyle Berserker on Dec 11, 2019.
             Was a Priest of Trog.
             Slain by a wight
             ... wielding a cursed +0 scimitar
              (2 damage)
             ... on level 4 of the Dungeon.
             The game lasted 00:04:11 (2133 turns).

Fang the Skirmisher (Gargoyle Berserker)            Turns: 2133, Time: 00:04:11

Health: 0/43       AC: 12    Str: 27    XL:     4   Next: 93%
Magic:  4/4        EV:  9    Int:  7    God:    Trog [***...]
Gold:   110        SH:  0    Dex:  9    Spells: 3/3 levels left

rFire    . . .     SeeInvis .   a - +0 war axe
rCold    . . .     Gourm    .   (no shield)
rNeg     + . .     Faith    .   b - +0 chain mail
rPois    ∞         Spirit   .   (no helmet)
rElec    +         Reflect  .   h - scarf {repulsion}
rCorr    .         Harm     .   (no gloves)
MR       .....                  (no boots)
Stlth    ..........             (no amulet)
HPRegen  0.14/turn              (no ring)
MPRegen  0.09/turn              (no ring)

@: berserking, repel missiles, very quick
A: negative energy resistance 1, electricity resistance, unbreathing,
petrification resistance, rot immunity, AC +3
a: Berserk, Trog's Hand, Renounce Religion


You were on level 4 of the Dungeon.
You worshipped Trog.
Trog was most pleased with you.
You were near starving.

You visited 1 branch of the dungeon, and saw 4 of its levels.

You collected 110 gold pieces.

Inventory:

Hand Weapons
 a - a +0 war axe (weapon)
Armour
 b - a +0 chain mail (worn)
 h - a scarf of repulsion (worn)
Jewellery
 o - a cursed amulet of inaccuracy {unknown}
Scrolls
 e - a scroll of immolation {unknown}
 f - 3 scrolls of identify {unknown}
 g - 2 scrolls of enchant armour {unknown}
 i - a scroll of noise {unknown}
 j - 2 scrolls of amnesia {unknown}
 l - 2 scrolls of remove curse {unknown}
 m - a scroll of fear {unknown}
 n - a scroll of fog {unknown}
 p - a scroll of teleportation {unknown}
Potions
 d - a potion of curing {unknown}
 k - a potion of cancellation {unknown}
 q - a potion of resistance {unknown}
 r - a potion of mutation {unknown}
Comestibles
 c - 3 rations


   Skills:
 + Level 4.1 Fighting
 + Level 3.4 Axes
 + Level 3.2 Armour
 + Level 2.4 Dodging


You had 3 spell levels left.
You didn't know any spells.
Your spell library was empty.

Dungeon Overview and Level Annotations

Branches:
Dungeon (3/15)

Altars:
Ru
Sif Muna
Xom
Zin


Innate Abilities, Weirdness & Mutations

You are resistant to torment.
Your stone body is resilient. (AC +3)
You are immune to poison.
You resist negative energy. (rN+)
You are resistant to electric shocks. (rElec)
You can survive without breathing.
You are immune to petrification.
You are immune to rotting.


Message History

A red film seems to cover your vision as you go berserk!
You feel yourself moving faster!
You feel mighty!
You are near starving!
The adder bites you but does no damage. The wight hits you with a +4 mace.
* * * LOW HITPOINT WARNING * * *
The wight hits you but does no damage. x2
The adder bites you but does no damage.
You slash the wight!
The wight is almost destroyed.
Your chain mail prevents you from hitting the adder.
You barely miss the wight.
The wight hits you from afar with a +3 trident.
* * * LOW HITPOINT WARNING * * *
The wight closely misses you. The adder barely misses you.
The wight hits you from afar with a cursed +5 spear of freezing.
* * * LOW HITPOINT WARNING * * *
The wight freezes you.
* * * LOW HITPOINT WARNING * * *
The wight hits you with a cursed +0 scimitar.
You die...

.≈≈≈≈≈≈...#...#
.≈≈≈≈≈≈...#...+ ....#
≈≈≈≈≈≈≈...#...# ....#
≈≈≈≈≈≈....'[..#.....#
≈≈≈≈......#...#.....#
≈≈........#####.....#
........#.....zz....#
...+...#....z......#
..#...#....@z......
#...#.....S...... #.
#............ #.
#............
#............
#####+#...... .....#
.....#


You could see 4 wights and an adder.

Vanquished Creatures
  An iguana (D:4)
  2 adders
  An ooze (D:1)
  2 dart slugs
  4 orcs (D:2)
  3 giant cockroaches (D:1)
  9 goblins
  8 hobgoblins
  A quokka (D:3)
  9 bats
  3 frilled lizards
  4 kobolds
  9 rats
56 creatures vanquished.

Notes
Turn   | Place    | Note
-------+----------+-------------------------------------------
     0 | D:1      | Fang the Gargoyle Berserker began the quest for the Orb.
     0 | D:1      | Reached XP level 1. HP: 14/14 MP: 1/1
    60 | D:1      | Reached XP level 2. HP: 13/19 MP: 2/2
   465 | D:1      | Reached XP level 3. HP: 20/23 MP: 3/3
   526 | D:1      | Reached ** piety under Trog
   836 | D:2      | Found a shimmering altar of Xom.
   899 | D:2      | Found a glowing silver altar of Zin.
  1179 | D:2      | Found a faded altar of an unknown god.
  1240 | D:2      | Reached XP level 4. HP: 29/29 MP: 4/4
  1772 | D:3      | Found a sacrificial altar of Ru.
  1773 | D:3      | Found a shimmering blue altar of Sif Muna.
  1846 | D:3      | Reached *** piety under Trog
  1857 | D:3      | You fall into a shaft and drop 1 floor!
  1870 | D:4      | Reached skill level 4 in Fighting
  2133 | D:4      | HP: 2/43 [wight/cursed +5 spear of freezing (1)]
  2133 | D:4      | Slain by a wight

Levels and vault maps discovered:
D:1:      ncdulo_halloftheorcs, layout_rooms
D:2:      layout_loops_corners, zin_statuary, marbit_many_paths,
          chequers_ecumenical_altar_lobes, guppyfry_early_orc_mine
D:3:      layout_loops_ring, gammafunk_temple_overflow_statue,
          kennysheep_generic_room_12
D:4:      layout_gridville, kiku_gazebo_pond_becter,
          nemelex_xobeh_ov_fountains_minmay, temple_pool_b, uniq_robin

Skill      XL: |  1  2  3  4 |
---------------+-------------+-----
Axes           | 3 |  3.4
Dodging        | 2 |  2.4
Armour         | 3 |  3.2
Fighting       | 4 |  4.1

Action                   |  1- 3 |  4- 6 || total
-------------------------+-------+-------++-------
Melee: Hand axe          |   140 |       ||   140
       War axe           |    38 |    32 ||    70
Invok: Berserk           |     1 |     2 ||     3
  Eat: Chunk             |     2 |     3 ||     5
Armor: Animal skin       |    52 |       ||    52
       Chain mail        |    35 |    31 ||    66
Dodge: Dodged            |   141 |    11 ||   152
